 Dungeon Crawl Stone Soup version 0.30-a0-553-g7fabdf1491 (webtiles) character file.

Game seed: 14933305673653338875

1752 nachturnus the Cleaver (level 8, 0/66 HPs)
             Began as a Red Draconian Fighter on Dec 26, 2022.
             Was an Initiate of Qazlal.
             Succumbed to a gnoll sergeant's poison
             ... on level 6 of the Dungeon.
             The game lasted 00:33:38 (6641 turns).

nachturnus the Cleaver (Red Draconian Fighter)      Turns: 6641, Time: 00:33:39

Health: 0/66       AC:  6    Str: 21    XL:     8   Next: 78%
Magic:  1/8        EV: 12    Int:  8    God:    Qazlal [......]
Gold:   258        SH:  5    Dex: 11    Spells: 7/7 levels left

rFire   + . .      SeeInvis .    a - +1 war axe
rCold   + . .      Faith    .    b - +1 buckler
rNeg    . . .      Spirit   +    (body armour unavailable)
rPois   .          Reflect  .    (helmet restricted)
rElec   .          Harm     .    (no cloak)
rCorr   .          Rampage  .    (no gloves)
Will    .....                    (no boots)
Stlth   +                        h - amulet of guardian spirit
HPRegen 0.31/turn                x - ring of wizardry
MPRegen 0.11/turn                s - ring of protection from cold

@: lethally poisoned (0 -> -14)
A: breathe fire, AC +6, unfitting armour, fire resistance 1, cold-blooded
a: Breathe Fire, Renounce Religion


You were on level 6 of the Dungeon.
You worshipped Qazlal.
Qazlal was noncommittal.
You visited 1 branch of the dungeon, and saw 6 of its levels.

You collected 258 gold pieces.

Inventory:

Hand Weapons
 a - a +1 war axe (weapon)
 d - a +0 dagger
 q - a +1 hand axe of electrocution
Missiles
 v - 2 throwing nets (quivered)
Armour
 b - a +1 buckler (worn)
 m - an orb of wrath
Magical Staves
 o - a staff of conjuration
Jewellery
 h - an amulet of guardian spirit (around neck)
 s - a ring of protection from cold (right hand)
 x - a ring of wizardry (left hand)
Wands
 k - a wand of polymorph (10)
 t - a wand of light (12)
Scrolls
 g - 4 scrolls of teleportation
 j - 4 scrolls of magic mapping
 l - a scroll of poison {unknown}
 r - a scroll of summoning
 u - a scroll of enchant weapon
 y - a scroll of noise {unknown}
 B - a scroll of torment {unknown}
Potions
 c - a potion of might
 e - a potion of curing
 f - 3 potions of attraction
 i - a potion of lignification
 n - a potion of resistance
 p - a potion of ambrosia
 w - a potion of haste
 z - 3 potions of berserk rage {unknown}
 A - a potion of mutation {unknown}


   Skills:
 - Level 3.7 Fighting
 + Level 11.2 Axes
 - Level 3.0 Dodging
 - Level 3.2 Shields


You had 7 spell levels left.
You didn't know any spells.
Your spell library contained the following spells:

 Spells                   Type           Power      Damage    Failure   Level
 Foxfire                  Conj/Fire      0%         2x1d4     22%         1
 Cigotuvi's Dreadful Rot  Necr/Pois/Air  0%         N/A       32%         2
 Poisonous Vapours        Pois/Air       0%         N/A       32%         2
 Mephitic Cloud           Conj/Pois/Air  0%         N/A       52%         3
 Blade Hands              Tmut           0%         N/A       99%         5
 Fireball                 Conj/Fire      0%         3d3       99%         5
 Irradiate                Conj/Tmut      0%         3d11      99%         5
 Summon Forest            Summ/Tloc      0%         N/A       99%         5
 Summon Mana Viper        Hex/Summ       0%         N/A       99%         5
 Starburst                Conj/Fire      0%         6d3       100%        6
 Summon Cactus Giant      Summ           0%         N/A       100%        6
 Dragon Form              Tmut           0%         N/A       100%        7


Dungeon Overview and Level Annotations

Branches:
Dungeon (6/15)
 Temple: D:4-7

Altars:
Gozag
Kikubaaqudgha
Qazlal
Wu Jian

Shops:
D:2 *   D:4 :   D:5 *


Innate Abilities, Weirdness & Mutations

You can breathe blasts of fire.
Your fiery red scales are hard. (AC +6)
You cannot fit into any form of body armour.
Your flesh is heat resistant. (rF+)
You are cold-blooded and may be slowed by cold attacks.


Message History

You block the gnoll's attack.
A gnoll comes into view. It is wielding a +0 spear.
The gnoll sergeant shouts!
You block the gnoll's attack.
The gnoll hits you from afar with a +0 spear. 2 gnolls come into view.
The gnoll shouts!
The gnoll moves out of view.
The gnoll closely misses you.
You slash the gnoll!
The gnoll is severely wounded.
You block the gnoll sergeant's attack. The gnoll hits you but does no damage.
You hit the gnoll but do no damage.
The gnoll is heavily wounded.
You block the gnoll's attack.
The gnoll sergeant hits you from afar with a +7 spear of venom!
You are poisoned.
You hit the gnoll but do no damage.
The gnoll is heavily wounded.
You feel very sick. The gnoll barely misses you.
The gnoll sergeant hits you from afar with a +7 spear of venom!
You barely miss the gnoll.
Your tail-slap misses the gnoll.
The gnoll is heavily wounded.
You feel very sick. The gnoll hits you but does no damage.
The gnoll hits you with a +0 spear.
The gnoll hits you from afar with a +0 halberd!
The gnoll sergeant hits you from afar with a +7 spear of venom!
You are more poisoned.
You closely miss the gnoll.
The gnoll is heavily wounded.
You feel very sick. You block the gnoll's attack. The gnoll closely misses you.
The gnoll hits you from afar with a +0 halberd.
* * * LOW HITPOINT WARNING * * *
The gnoll sergeant hits you from afar with a +7 spear of venom!
* * * LOW HITPOINT WARNING * * *
You barely miss the gnoll.
Your tail-slap misses the gnoll.
The gnoll is heavily wounded.
You die...

#.#.....#....#######
#....#####.#...#####
####.# #.###.##...
#.# #.....##.##
#####.#
...#####'#.## ..##.#
#......... #.##.#
#.########
##.##.###.#
#.gg@.....#
#.g###g#### #..##
... ###.##...##..#..
..........#g.. #..
<.#.##.#.g#...# . #
#.........
#....g..#..
###...!...


You could see a gnoll sergeant and 3 gnolls.

Vanquished Creatures
  Grinder (D:4)
  Menkaure (D:5)
  A sky beast (D:6)
  2 ogres (D:5)
  2 phantoms
  5 scorpions
  3 jellies
  2 orc priests (D:4)
  2 hounds
  A gnoll bouda (D:5)
  Terence (D:2)
  2 iguanas
  2 orc wizards (D:3)
  Natasha (thrice) (D:3)
  Robin (D:4)
  9 gnolls
  7 adders
  An ufetubus (D:6)
  A worm (D:2)
  2 dart slugs
  13 orcs
  8 ball pythons
  6 bats
  10 endoplasms
  2 giant cockroaches
  11 goblins
  7 hobgoblins
  3 jackals (D:1)
  4 kobolds
  3 quokkas
  3 frilled lizards (D:3)
  7 rats
126 creatures vanquished.

Notes
Turn   | Place    | Note
-------+----------+-------------------------------------------
     0 | D:1      | nachturnus the Draconian Fighter began the quest for the
                  | Orb.
     0 | D:1      | Reached XP level 1. HP: 19/19 MP: 1/1
   158 | D:1      | Reached XP level 2. HP: 26/26 MP: 2/2
   506 | D:1      | Reached XP level 3. HP: 33/33 MP: 3/3
   791 | D:2      | Found Jogiemn's General Store.
  1092 | D:2      | Reached skill level 3 in Axes
  1312 | D:2      | Reached XP level 4. HP: 28/40 MP: 4/4
  1737 | D:3      | Noticed Natasha
  1749 | D:3      | Killed Natasha
  1750 | D:3      | Reached skill level 4 in Axes
  1830 | D:3      | Noticed Terence
  1879 | D:3      | Reached XP level 5. HP: 32/46 MP: 5/5
  1998 | D:2      | Killed Terence
  2037 | D:3      | Reached skill level 5 in Axes
  2154 | D:3      | Noticed Natasha
  2160 | D:3      | Killed Natasha
  2233 | D:3      | Noticed Natasha
  2240 | D:3      | Killed Natasha
  2589 | D:3      | Reached XP level 6. HP: 52/52 MP: 6/6
  3048 | D:4      | Reached skill level 6 in Axes
  3195 | D:4      | Noticed Grinder
  3207 | D:4      | Found Unoedgh's Book Boutique.
  3210 | D:5      | Entered Level 5 of the Dungeon
  3327 | D:5      | HP: 2/52 [ogre/+0 giant club (20)]
  3329 | D:5      | Reached skill level 7 in Axes
  3678 | D:4      | Your scales start taking on a fiery red colour.
  3678 | D:4      | Reached XP level 7. HP: 30/58 MP: 7/7
  3678 | D:4      | Gained mutation: Your flesh is heat resistant. (rF+) [Red
                  | Draconian growth]
  4394 | D:4      | Reached skill level 8 in Axes
  4467 | D:4      | Noticed Robin
  4503 | D:4      | Killed Robin
  4803 | D:4      | Paralysed by Grinder for 2 turns
  4822 | D:4      | Killed Grinder
  4823 | D:4      | Reached skill level 9 in Axes
  4823 | D:4      | Reached XP level 8. HP: 17/66 MP: 2/8
  5320 | D:4      | Found an ornate altar of the Wu Jian Council.
  5429 | D:5      | Found Fissua's Fire Supplies.
  5598 | D:5      | Found an opulent altar of Gozag.
  5820 | D:5      | Noticed Menkaure
  5826 | D:5      | Reached skill level 10 in Axes
  5829 | D:5      | Killed Menkaure
  6023 | D:5      | Found an ancient bone altar of Kikubaaqudgha.
  6549 | D:6      | Found a stormy altar of Qazlal.
  6553 | D:6      | Became a worshipper of Qazlal Stormbringer
  6596 | D:6      | Reached skill level 11 in Axes
  6640 | D:6      | HP: 3/66 [gnoll sergeant/+7 spear of venom (15)]
  6641 | D:6      | Succumbed to a gnoll sergeant's poison

Illustrated notes

Levels and vault maps discovered:
D:1:      dpeg_arrival_simpleton_b, layout_loops_ring
D:2:      layout_basic, serial_shops, shop, chequers_mini_garden
D:3:      layout_loops_corners, minmay_misc_feat_plants, uniq_terence,
          uniq_natasha
D:4:      layout_basic, general_overflow_altar, serial_shops, shop_fountains,
          uniq_grinder, uniq_robin
D:5:      layout_basic, mainiacjoe_overflow_tiny_flanked,
          nicolae_gozag_seed_capital, minivault_25,
          hangedman_abyss_or_decor_stagger, nicolae_shop_fire_sale
          [nicolae_sub_dead_trees], serial_park_tiny_pond, uniq_menkaure
D:6:      layout_loops_cross, mainiacjoe_overflow_swirl,
          minmay_misc_feat_four_crosses, minmay_misc_feat_ornament

Skill      XL: |  1  2  3  4  5  6  7  8 |
---------------+-------------------------+-----
Dodging        | 3 |  3.0
Axes           | 3 4 5 7 9 11 | 11.2
Fighting       | |  3.7
Shields        | |  3.2

Action                   |  1- 3 |  4- 6 |  7- 9 || total
-------------------------+-------+-------+-------++-------
Melee: War axe           |   111 |   123 |   152 ||   386
       Tailslap          |     8 |    15 |    16 ||    39
 Abil: Breathe Fire      |       |       |     2 ||     2
  Use: Scroll            |       |    12 |     4 ||    16
       Potion            |       |       |     4 ||     4
 Stab: Sleeping          |     2 |       |       ||     2
Armor: Skin              |    38 |    41 |    33 ||   112
Dodge: Dodged            |    82 |    78 |    60 ||   220
Block: Buckler           |    23 |    37 |    36 ||    96

Table legend: (Time is in decaauts)
 A = Elapsed time spent in this place.
 B = Non-inter-level travel time spent in this place.
 C = Inter-level travel time spent in this place.
 D = Time resting spent in this place.
 E = Time spent auto-exploring this place.
 F = Levels seen in this place.
 G = Mean time per level.
                   A        B        C        D        E       F      G
               +--------+--------+--------+--------+--------+-----+--------+
         Total |   6735 |   6406 |    329 |   1937 |   1930 |   6 | 1122.5 |
       Dungeon |   6735 |   6406 |    329 |   1937 |   1930 |   6 | 1122.5 |
               +--------+--------+--------+--------+--------+-----+--------+

Top non-repeatable levels by time:
     D:4: 1909 daAuts
     D:3: 1236 daAuts
     D:5: 1217 daAuts
     D:2: 996 daAuts
     D:1: 834 daAuts
     D:6: 540 daAuts
